 Dungeon Crawl Stone Soup version 0.15-a0-481-g5350d32 (webtiles) character file.

285 Paddoo the Cudgeler (level 6, -3/38 HPs)
             Began as a Gargoyle Skald on May 8, 2014.
             Slain by an ogre
             ... wielding a +0,+0 giant spiked club
              (20 damage)
             ... on Level 3 of the Dungeon.
             The game lasted 00:18:14 (3574 turns).

Paddoo the Cudgeler (Gargoyle Skald)                Turns: 3574, Time: 00:18:14

HP  -3/38        AC 12     Str 16      XL: 6   Next: 29%
MP   9/11        EV 15     Int 14      God:
Gold 68          SH  0     Dex  9      Spells:  1 memorised,  9 levels left

rFire  . . .     SeeInvis .     s - +1,+0 mace
rCold  . . .     Clarity  .     q - +0 ring mail
rNeg   + . .     Conserve .     (no shield)
rPois  +         rCorr    .     (no helmet)
rElec  +         rRot     +     v - +0 cloak
SustAb . .       Spirit   .     r - +0 pair of gloves
rMut   .         Warding  .     (no boots)
Saprov . . .     Stasis   .     (no amulet)
MR     +....                    w - ring of protection from magic
                                h - +5 ring of evasion

@: somewhat resistant to hostile enchantments, extremely unstealthy
A: life protection 1, electricity resistance, unbreathing, petrification
resistance, AC +4
a: no special abilities


You were on level 3 of the Dungeon.
You were very hungry.

You visited 1 branch of the dungeon, and saw 4 of its levels.

You collected 68 gold pieces.

Inventory:

Hand weapons
 s - a +1,+0 mace (weapon)
Missiles
 t - 27 stones (quivered)
 u - 8 darts of frost
Armour
 p - a +0 leather armour
 q - a +0 ring mail (worn)
 r - a +0 pair of gloves (worn)
 v - a +0 cloak (worn)
Comestibles
 a - a sausage
 d - 2 bread rations
 f - a meat ration
 g - a pear
Scrolls
 b - a scroll of noise {unknown}
 e - 3 scrolls of identify
 l - a scroll of enchant weapon I {unknown}
 n - a scroll of remove curse
 o - a scroll of random uselessness {unknown}
 y - a scroll of enchant weapon II {unknown}
Jewellery
 h - a +5 ring of evasion (left hand)
 w - a ring of protection from magic (right hand)
Potions
 j - a potion of mutation {unknown}
Books
 c - a book of Battle

   Spells                             Type                      Level
   *Infusion                          Charms                       1
   Shroud of Golubria                 Charms/Translocation         2
   Song of Slaying                    Charms                       2
   Spectral Weapon                    Hexes/Charms                 3
   Regeneration                       Charms/Necromancy            3


   Skills:
 * Level 3.8 Fighting
 * Level 4.8 Maces & Flails
 + Level 2.5 Armour
 - Level 0.7 Dodging
 * Level 2.6 Spellcasting
 + Level 3.3 Charms


You had 9 spell levels left.
You knew the following spells:

 Your Spells              Type           Power        Failure   Level  Hunger
a - Infusion              Chrm           ##....       10%         1    #......


Dungeon Overview and Level Annotations

Branches:
Dungeon (4/15)             Temple (0/1) D:4

Altars:
Ashenzari
Fedhas
Kikubaaqudgha
Okawaru


Innate Abilities, Weirdness & Mutations

You are resistant to torment.
You are immune to poison.
You are immune to rotting.
Your stone body is very resilient (AC +4).
You resist negative energy.
You are resistant to electric shocks.
You can survive without breathing.
You are immune to petrification.


Message History

The ogre is heavily wounded.
The ogre hits you with a giant spiked club!
Your ring mail prevents you from hitting the ogre.
The ogre is heavily wounded.
The ogre hits you with a giant spiked club.
* * * LOW HITPOINT WARNING * * *
You climb upwards.
There is a stone staircase leading down here.
Read which item? (? for menu, Esc to quit)
Okay, then.
Your magical contamination has completely faded away.
You see here 25 bolts.
Casting: Infusion
Confirm with . or Enter, or press ? or * to list all spells.
Your attacks are magically infused.
The ogre barely misses you.
You sock the ogre!
The ogre is severely wounded.
The ogre hits you with a giant spiked club!
Ouch! That really hurt!
You die...

#.#.# #.# ##.......
#.#.# #.# #..#..###
#.#.# #.# #.###.#
#.#.## #.# #..#..#
#....# #.# ##....#
###..# #.#######.#
#..# #.........#
#..#
###########.#.#####
#..# #.@O..........#
#.. #..#
#.#########.### #.#
#..#####.###### #.#
#.#
#.............####.#
#.#
########..###).(...#
#.# #..# ########
#.# #..# #.# #..####
#.# #.....# #.#


You could see an ogre.

Vanquished Creatures
  A phantom (D:4)
  A centaur (D:3)
  5 adders (D:2)
  A giant mite (D:3)
  A giant gecko (D:2)
  4 orcs
  8 bats
  14 hobgoblins
  A quokka (D:2)
  A ball python (D:2)
  6 giant cockroaches
  3 giant newts
  7 goblins
  4 jackals (D:2)
  9 kobolds
  6 rats
72 creatures vanquished.

Notes
Turn   | Place    | Note
--------------------------------------------------------------
     0 | D:1      | Paddoo, the Gargoyle Skald, began the quest for the Orb.
     0 | D:1      | Reached XP level 1. HP: 12/12 MP: 3/3
    28 | D:1      | Found a shattered altar of Ashenzari.
   196 | D:1      | Reached XP level 2. HP: 17/17 MP: 4/4
   361 | D:1      | Reached skill level 3 in Charms
   576 | D:2      | Found an iron altar of Okawaru.
   700 | D:2      | Reached XP level 3. HP: 19/22 MP: 6/6
   911 | D:2      | Found an ancient bone altar of Kikubaaqudgha.
   912 | D:2      | Found a blossoming altar of Fedhas.
  1111 | D:2      | Reached XP level 4. HP: 17/27 MP: 7/7
  2152 | D:3      | Reached XP level 5. HP: 32/32 MP: 9/9
  2472 | D:3      | Found a blossoming altar of Fedhas.
  2472 | D:3      | Noticed a centaur
  2599 | D:3      | Killed a centaur
  2599 | D:3      | Reached skill level 4 in Maces & Flails
  2948 | D:4      | Noticed a phantom
  3211 | D:4      | Killed a phantom
  3211 | D:4      | Reached XP level 6. HP: 23/38 MP: 8/11
  3247 | D:4      | Found a staircase to the Ecumenical Temple.
  3247 | D:4      | Noticed an ogre
  3574 | D:3      | Slain by an ogre

Action                   |  1- 3 |  4- 6 || total
-------------------------+-------+-------++-------
Melee: Mace              |    69 |   201 ||   270
       Whip              |    51 |       ||    51
 Cast: Infusion          |       |     5 ||     5
  Use: Scroll            |       |     4 ||     4
       Potion            |       |     2 ||     2
